 Dungeon Crawl Stone Soup version 0.31-a0-846-gb3bcc0d938 (webtiles) character file.

Game seed: 7667385215204294880

1996395 Hi5aMiFi the Sorcerer (level 27, 210/210 HPs)
             Began as a Djinni Hedge Wizard on Oct 3, 2023.
             Was the Champion of Ru.
             Escaped with the Orb
             ... and 4 runes on Oct 8, 2023!
             The game lasted 12:58:15 (93306 turns).

Hi5aMiFi the Sorcerer (Djinni Hedge Wizard)        Turns: 93306, Time: 12:58:16

Health: 210/210    AC: 15    Str: 11    XL:     27
Gold:   3107       EV: 21    Int: 26    God:    Ru [******] SH: 21 Dex: 18

rFire   + + .        J - +0 war axe "Meagg" {heavy, rC+ Will+ SInv}
rCold   . . .        S - +5 kite shield {reflect}
rNeg    . . .        A - +3 troll leather armour
rPois   ∞            c - +3 crown of Dyrovepreva {rElec Int+2 SInv}
rElec   +            w - +2 cloak
rCorr   .            f - +2 pair of gloves {hurl}
SInv    +            (boots unavailable)
Will    ++++.        K - amulet of Poehyt {Regen+ Dex+3} Stlth
                     X - ring of willpower
HPRegen 2.15/turn    h - ring of wizardry
MPRegen 0.00/turn

%: reflection, wizardry (x1)
@: flying, hasted (expiring), very quick
A: sickness immunity, clumsy 1, fire resistance 2, cold vulnerability 1, no
stealth, hated by all, cowardly, inability to train armour, unskilled 1, float,
innate caster, HP casting, extra vitality 1, claws 1, passive freeze, screaming
1
0: Orb of Zot
}: 4/15 runes: serpentine, barnacled, slimy, silver
a: Renounce Religion, Draw Out Power, Power Leap, Apocalypse


You escaped.
You worshipped Ru.
Ru was exalted by your worship.
You visited 12 branches of the dungeon, and saw 56 of its levels.
You visited 1 bazaar.
You also visited: Trove, Sewer, Ossuary, Gauntlet and Wizlab.

You collected 10106 gold pieces.
You spent 6999 gold pieces at shops.

Inventory:

Hand Weapons
 t - the +7 lajatang of Order {silver, rMut}
   (You bought it in a shop on level 7 of the Dungeon)

   rMut:      It protects you from mutation.
 J - the +0 war axe "Meagg" (weapon) {heavy, rC+ Will+ SInv}
   (You found it on level 1 of the Snake Pit)

   rC+:       It protects you from cold.
   Will+:     It increases your willpower.
   SInv:      It lets you see invisible.
Missiles
 y - 15 silver javelins
 B - 15 curare-tipped darts
 P - 9 throwing nets (quivered)
 Y - 27 javelins
Armour
 c - the +3 crown of Dyrovepreva (worn) {rElec Int+2 SInv}
   (You bought it in a shop on level 1 of the Shoals)

   Int+2:     It affects your intelligence (+2).
   rElec:     It insulates you from electricity.
   SInv:      It lets you see invisible.
 f - a +2 pair of gloves of hurling (worn)
 w - a +2 cloak (worn)
 A - a +3 troll leather armour (worn)
 F - a +2 robe of resistance
 S - a +5 kite shield of reflection (worn)
Magical Staves
 G - the staff of True Grit {rN+ Int+4 Necro}
   (You found it on level 5 of the Lair of Beasts)

   [staff of death]

   Base accuracy: +5 Base damage: 5 Base attack delay: 1.2 This weapon's minimum
   attack delay (0.6) is reached at skill level 12.
   Int+4:     It affects your intelligence (+4).
   rN+:       It protects you from negative energy.
   Necro:     It increases the power of your Necromancy spells.
   It falls into the 'Staves' category.
   It is a one-handed weapon.
 I - a staff of fire
Jewellery
 h - a ring of wizardry (right hand)
 i - a ring of protection from fire
 j - a ring of protection from cold
 n - a ring of willpower
 s - the ring "Soham" {rCorr Int+4}
   (You found it on level 4 of the Realm of Zot)

   [ring of resist corrosion]

   Int+4:     It affects your intelligence (+4).
   rCorr:     It protects you from acid and corrosion.
 K - the amulet of Poehyt (around neck) {Regen+ Dex+3}
   (You found it on level 3 of the Crypt)

   [amulet of regeneration]

   Dex+3:     It affects your dexterity (+3).
   Regen+:    It increases your rate of health regeneration.
 O - the ring "Zuri" {rF- rC+ rCorr Str+3 Dex+6}
   (You found it on level 3 of the Elven Halls)

   [ring of dexterity]

   Str+3:     It affects your strength (+3).
   Dex+6:     It affects your dexterity (+6).
   rF-:       It makes you vulnerable to fire.
   rC+:       It protects you from cold.
   rCorr:     It protects you from acid and corrosion.
 T - the amulet of Yqyh {Faith Will++ Stlth+}
   (You found it on level 3 of the Crypt)

   [amulet of faith]

   Faith:     It allows you to gain divine favour quickly.
   Will++:    It greatly increases your willpower.
   Stlth+:    It makes you more stealthy.
 W - the ring of Qushuok {rN+ AC+4 Int+4}
   (You took it off a vault warden on level 5 of the Vaults)

   [ring of protection]

   AC+4:      It affects your AC (+4).
   Int+4:     It affects your intelligence (+4).
   rN+:       It protects you from negative energy.
 X - a ring of willpower (left hand)
Wands
 r - a wand of acid (36)
 H - a wand of digging (23)
 R - a wand of paralysis (57)
 Z - a wand of iceblast (56)
Scrolls
 a - 4 scrolls of torment
 k - 28 scrolls of teleportation
 p - 8 scrolls of fear
 u - 3 scrolls of blinking
 v - 6 scrolls of poison
 C - 2 scrolls of revelation
 E - 3 scrolls of silence
 L - 7 scrolls of fog
 M - 9 scrolls of vulnerability
 U - 6 scrolls of immolation
Potions
 b - 4 potions of heal wounds
 e - 5 potions of invisibility
 g - 7 potions of lignification
 o - 2 potions of resistance
 q - 29 potions of curing
 x - a potion of brilliance
 z - a potion of haste
 D - a potion of mutation
 N - 3 potions of ambrosia
 Q - a potion of enlightenment
 V - 5 potions of cancellation
Miscellaneous
 d - a phial of floods
 l - a lightning rod (4/4)
 m - a condenser vane


   Skills:
 + Level 21.4 Fighting
 - Level 2.0 Throwing
 - Level 16.9 Dodging
 - Level 19.6 Shields
 - Level 25.0 Spellcasting
 - Level 25.0 Conjurations
 - Level 25.0 Hexes
 - Level 25.0 Necromancy
 - Level 25.0 Translocations
 - Level 25.0 Transmutations
 - Level 25.0 Fire Magic
 - Level 25.0 Ice Magic
 - Level 25.0 Air Magic
 - Level 25.0 Earth Magic
 - Level 25.0 Poison Magic
 - Level 6.6 Evocations
 - Level 11.2 Shapeshifting


You knew the following spells:

 Your Spells              Type           Power      Damage    Failure   Level
a - Magic Dart            Conj           100%       1d8       0%          1
b - Slow                  Hex            100%       N/A       0%          1
c - Blink                 Tloc           100%       N/A       0%          2
d - Call Imp              Summ           64%        N/A       1%          2
e - Mephitic Cloud        Conj/Pois/Air  100%       N/A       0%          3
f - Shock                 Conj/Air       100%       1d9       0%          1
g - Lesser Beckoning      Tloc           100%       N/A       0%          2
h - Hailstorm             Conj/Ice       100%       3d20      0%          3
i - Airstrike             Air            52%        2d(8-24)  0%          4
j - Yara's Violent Unrav  Hex/Tmut       52%        3d20      0%          5
k - Borgnjor's Vile Clut  Necr/Erth      52%        N/A       0%          5
l - Summon Cactus Giant   Summ           16%        N/A       73%         6
m - Starburst             Conj/Fire      52%        6d14      0%          6
n - Eringya's Noxious Bo  Tmut/Pois      52%        4d6       0%          6
o - Ozocubu's Refrigerat  Ice            52%        4d19      1%          7
p - Haunt                 Necr/Summ      39%        N/A       4%          7
q - Infestation           Necr           52%        N/A       1%          8
r - Shatter               Erth           52%        3d39*     2%          9
Your spell library was empty.

Dungeon Overview and Level Annotations

Branches:
Dungeon (15/15)            Temple (1/1) D:4            Lair (5/5) D:9
 Shoals (4/4) Lair:2        Snake (4/4) Lair:2        Slime (5/5) Lair:5
    Orc (2/2) D:11            Elf (3/3) Orc:2        Vaults (5/5) D:13
  Crypt (3/3) Vaults:2       Tomb (0/3) Crypt:3      Depths (4/4) D:15
    Zot (5/5) Depths:4      Sewer (visited)         Ossuary (visited)
 WizLab (visited)         Gauntlet (visited)

Altars:
Ashenzari
Cheibriados
Dithmenos
Elyvilon
Gozag
Makhleb
Nemelex Xobeh
Okawaru
Qazlal
Ru
Trog
Uskayaw
Wu Jian
Xom
Zin
The Shining One

Shops:
D:1 :   D:7 *   D:14 *   D:15 *   Orc:1 :[?(*   Orc:2 =!(?   Shoals:1 [
Shoals:2 !   Snake:1 :   Snake:2 [![   Snake:4 [   Vaults:3 [

Portals:
Hell: Depths:1 Depths:2 Depths:3 Depths:4
Abyss: Depths:1 Depths:2 Depths:3
Pandemonium: Orc:2 Depths:2 Depths:4
Ziggurat: Depths:1

Annotations:
Zot:5 1 runed translucent door, arvidsem's ghost, legendary MiFi


Innate Abilities, Weirdness & Mutations

You are immune to sickness and miasma.
You are immune to poison.
You are clumsy. (Dex -2)
Your flesh is very heat resistant. (rF++)
You are vulnerable to cold. (rC-)
You cannot be stealthy.
You are hated by all.
Your cowardice makes you less effective in combat with threatening foes.
You cannot train Armour skill.
You are somewhat unskilled. (-1 Apt)
You float through the air rather than walking.
You learn spells naturally, not from books.
Your magical power is your life essence.
You have superior vitality. (+4 MHP)
You have sharp fingernails.
A frigid envelope surrounds you and freezes all who hurt you.
You occasionally shout uncontrollably at your foes.


Message History

You redirect Hyxubiti's attack!
A ynoxinul comes into view.
Aiming: Dig
Press: ? - help, Shift-Dir - straight line, p - Hyxubiti A rock wall.
This square is covered in magical glow.
The rock shatters into small pieces.
The zombie hands constrict Hyxubiti.
The zombie hands constrict the large abomination!
Hyxubiti gestures.
Blink to where?
Press: ? - help, Dir - move target
Okay, then.
Blink to where?
Press: ? - help, Dir - move target The zombie hands lose their grip on something. x2
As you read the scroll of blinking, it crumbles to dust.
There is an open door here.
You reach down and close the door.
Aiming: Dig
Press: ? - help, Shift-Dir - straight line This square is covered in magical glow.
The rock shatters into small pieces.
There is a stone staircase leading up here.
You fly upwards.
There is a stone staircase leading down here.
Aiming: Dig
Press: ? - help, Shift-Dir - straight line This square is covered in magical glow.
The rock shatters into small pieces.
Blink to where?
Press: ? - help, Dir - move target
As you read the scroll of blinking, it crumbles to dust.
You fly upwards.
Your extra speed is starting to run out.
There is a stone staircase leading down here.
Okay, then.
Blink to where?
Press: ? - help, Dir - move target
As you read the scroll of blinking, it crumbles to dust.
You have escaped!

#.............).......####....###
#................................
#.......................##..#####
#....................[...#.##
#..............P..P...§....#
#........P..P.≈≈≈≈≈≈......## #
#..P..P.≈≈≈≈≈≈............#######
#.≈≈≈§≈≈.................##......
#§......§.......@...........#####
#.≈≈≈≈≈≈§....§§.........#####....
#..P..P§§≈≈≈≈§§.............#.###
.........P..P§§≈≈≈≈≈....###...###
)..............P..P.....###.....#
............................###..
.................................
.............................#...
........................#########


There were no monsters in sight!

Vanquished Creatures
  the Royal Jelly (Slime:5)
  2 dread liches
  6 ancient liches
  Khufu (Crypt:3)
  7 orbs of fire
  2 juggernauts (Depths:1)
  Mara (Shoals:3)
  Sojobo (Vaults:3)
  Vv (Zot:2)
  Margery (Depths:3)
  Boris (twice) (Vaults:4 Crypt:1)
  3 curse toes
  8 Killer Klowns
  Saint Roka (Depths:2)
  2 caustic shrikes
  Norris (Elf:3)
  7 golden dragons
  A bone dragon (Crypt:3)
  A profane servitor (Crypt:3)
  2 doom hounds (Crypt:1)
  3 electric golems
  18 tentacled monstrosities
  A walking crystal tome (Depths:2)
  Zenata (Vaults:2)
  27 Orb Guardians
  4 liches
  Grunn (Crypt:1)
  4 deep elf master archers (Elf:3)
  A walking frostbound tome (Depths:4)
  4 titans
  2 deep elf blademasters (Elf:3)
  12 sphinxes
  17 acid blobs
  5 quicksilver dragons
  An Executioner (D:13)
  8 death cobs
  3 ancient champions
  7 shadow dragons
  Agnes (Elf:1)
  Donald (Shoals:4)
  A shadow dragon (shapeshifter) (Vaults:5)
  6 tengu reavers
  13 azure jellies
  2 revenants
  5 nagarajas
  Aizul (Vaults:4)
  17 rockslimes
  5 fire giants
  Roxanne (Elf:3)
  17 frost giants
  6 draconian monks
  18 storm dragons
  14 vault wardens
  3 draconian knights
  2 draconian scorchers
  2 iron dragons (Vaults:5)
  A balrug (Zot:2)
  3 ghost moths
  6 draconian shifters
  3 draconian stormcallers
  7 deep elf sorcerers
  5 deep elf elementalists (Elf:3)
  A juggernaut zombie (Crypt:1)
  2 curse skulls (Crypt:1)
  3 draconian annihilators
  Louise (Snake:3)
  A cacodemon (Depths:2)
  An orc warlord (Vaults:2)
  4 angels (Zot:3)
  16 ghouls
  14 stone giants
  3 war gargoyles
  8 formless jellyfish
  13 very ugly things
  The ghost of Tasoil the Mimic, a journeyman TrSh of Okawaru (Lair:5)
  15 ironbound preservers
  5 quicksilver oozes
  A reaper (Crypt:2)
  Nessos (D:13)
  A rockslime zombie (Crypt:2)
  6 ironbound thunderhulks
  11 vampire knights
  8 deep elf demonologists
  3 minotaurs
  10 white draconians
  9 deep elf annihilators
  10 green draconians
  3 spark wasps
  7 purple draconians
  17 dire elephants
  15 yellow draconians
  15 red draconians
  2 mummy priests (Crypt:3)
  11 deep elf death magi
  16 fire dragons
  6 eidola
  8 black draconians
  20 jiangshi
  A crystal guardian (Vaults:1)
  A merfolk javelineer (Shoals:4)
  24 ettins
  Josephine (Lair:5)
  6 deep elf high priests
  16 yaktaur captains
  The ghost of Thrassey the Hand of Fortune, a journeyman DsAr of Nemelex Xobeh (Lair:3)
  4 merfolk impalers
  18 great orbs of eyes
  3 entropy weavers
  4 hydras
  15 ice dragons
  A salamander tyrant (Snake:4)
  A great orb of eyes (shapeshifter) (Vaults:5)
  10 rakshasas
  29 vault guards
  A spriggan zombie (Crypt:3)
  7 ironbound frosthearts
  Erica (Orc:1)
  Erolcha (D:9)
  A demonspawn (Orc:2)
  2 ogre magi
  2 spriggan air magi
  A merfolk avatar (Shoals:3)
  8 anacondas
  2 spriggan skeletons
  A catoblepas (Lair:5)
  15 satyrs
  22 centaur warriors
  2 merfolk aquamancers
  A peacekeeper (Vaults:1)
  An alligator (Lair:5)
  An alligator snapping turtle (Shoals:4)
  31 dancing weapons
  4 deep troll shamans
  8 two-headed ogres
  5 death knights
  7 boulder beetles
  6 death yaks (Lair:5)
  18 naga warriors
  8 deep troll earth magi
  4 tengu warriors
  4 vampire magi
  5 orc high priests (Orc:2)
  3 titan zombies
  A demonic crawler (D:3)
  A quicksilver ooze zombie (Crypt:2)
  6 spriggan berserkers
  A shock serpent (shapeshifter) (Vaults:5)
  2 soul eaters
  5 shock serpents
  4 sun demons (Zot:2)
  An emperor scorpion zombie (Crypt:1)
  14 hell knights
  7 naga sharpshooters
  2 spriggans (Depths:1)
  11 skysharks
  A fire crab (Gauntlet)
  2 sixfirhies
  2 iron trolls (Depths:4)
  21 deep elf knights
  15 sea snakes
  6 shadow wraiths
  4 salamander mystics
  A glowing orange brain (Depths:2)
  38 skeletal warriors
  29 deep trolls
  A swamp dragon (shapeshifter) (Depths:3)
  A spriggan druid (Elf:2)
  2 flayed ghosts
  8 deep elf archers
  An orb spider (shapeshifter) (D:14)
  5 naga ritualists
  11 necromancers
  4 phantasmal warriors
  7 wizards
  6 lindwurms
  3 bog bodies (Crypt:2)
  2 spriggan simulacra
  16 ironbound convokers
  6 mana vipers
  2 oklob plants
  9 orc knights
  18 deep elf pyromancers
  6 cyclopes
  28 fauns
  25 harpies
  23 ugly things
  24 deep elf zephyrmancers
  11 orc sorcerers
  A shining eye (shapeshifter) (Vaults:5)
  2 fauns (shapeshifter)
  9 shining eyes
  9 salamanders
  18 moths of wrath
  A stone giant zombie (Crypt:1)
  2 moths of wrath (shapeshifter)
  7 guardian serpents
  20 elephants
  16 manticores
  An elephant (shapeshifter) (Vaults:5)
  7 water nymphs
  An iron dragon skeleton (Crypt:2)
  12 merfolk sirens
  26 vault sentinels
  139 slime creatures
  A gargoyle (D:13)
  30 black mambas
  An eye of devastation (Slime:5)
  17 naga magi
  A titan simulacrum (Crypt:3)
  5 torpor snails (Lair:5)
  3 centaur skeletons (D:13)
  A smoke demon (Gauntlet)
  An unseen horror (D:12)
  6 kobold demonologists
  A minotaur zombie (Gauntlet)
  55 yaktaurs
  An efreet (Zot:1)
  10 komodo dragons
  3 rime drakes
  7 guardian mummies (Crypt:3)
  11 cane toads
  Psyche (D:9)
  2 ice devils
  5 freezing wraiths
  7 tengu conjurers
  2 queen bees (shapeshifter)
  2 queen bees
  8 meliai
  A red devil (Depths:2)
  6 trolls
  13 polar bears
  3 large abominations
  A tyrant leech (shapeshifter) (Depths:4)
  A hellwing (Orc:2)
  3 raiju (Lair:5)
  A boulder beetle zombie (Crypt:1)
  11 hornets
  4 tyrant leeches (Lair:5)
  3 wind drakes
  An iron troll skeleton (Crypt:2)
  24 merfolk
  2 hornets (shapeshifter)
  An ice dragon zombie (Crypt:2)
  A fire giant simulacrum (Depths:2)
  A death drake skeleton (Crypt:1)
  Grinder (D:5)
  9 dream sheep
  A human simulacrum (Crypt:1)
  6 snapping turtles
  An ettin zombie (Depths:2)
  48 flying skulls (Crypt:3)
  An iron dragon simulacrum (Depths:2)
  An ettin skeleton (Depths:2)
  4 vampires (WizLab)
  2 black mamba zombies (Crypt:2)
  14 wraiths
  An air elemental (Elf:2)
  5 shadows
  13 water elementals
  Eustachio (D:5)
  4 wyverns
  17 fire elementals (Zot:1)
  11 golden eyes
  65 yaks
  2 fire bats (Gauntlet)
  6 basilisks
  A neqoxec (Depths:2)
  3 redbacks
  A redback (shapeshifter) (Depths:3)
  10 vampire mosquitoes
  A harpy simulacrum (Crypt:3)
  7 wargs
  Menkaure (D:5)
  3 acid dragons
  36 nagas
  8 two-headed ogre zombies
  14 hell hounds (Lair:5)
  10 water moccasins
  A faun skeleton (Crypt:1)
  2 floating eyes
  13 black bears
  33 orc warriors
  An ice beast (D:7)
  2 swamp dragon zombies
  A boggart (shapeshifter) (Vaults:2)
  3 boggarts (D:15)
  8 ogres
  43 wolves
  6 centaurs
  3 small abominations (Crypt:3)
  A vine stalker zombie (Crypt:1)
  6 kobold brigands
  2 elf zombies (Elf:1)
  A yaktaur zombie (Crypt:1)
  11 bullfrogs
  3 gnoll sergeants
  7 necrophages
  2 earth elementals (Elf:1)
  2 scorpions
  31 wights
  6 troll zombies (WizLab)
  30 killer bees
  A yak skeleton (Crypt:2)
  2 electric eels
  4 crimson imps (Gauntlet)
  2 jellies (D:4)
  3 human zombies (Ossuary)
  22 orc priests
  Crazy Yiuf (D:4)
  2 hounds
  2 iguanas
  2 sleepcaps
  20 orc wizards
  5 hell rats (Lair:4)
  A boggart skeleton (D:13)
  7 ogre zombies (WizLab)
  2 mummies (Ossuary)
  17 gnolls
  5 adders
  6 river rats
  A steam dragon zombie (Crypt:2)
  2 shadow imps (D:8)
  A white imp (D:6)
  An ufetubus (D:7)
  4 adder zombies (Ossuary)
  4 worms
  4 dart slugs
  79 orcs
  12 ball pythons
  6 bats
  8 endoplasms
  5 giant cockroaches
  9 goblins
  6 hobgoblins
  2 jackals (D:4)
  7 quokkas
  4 frilled lizards
  10 hobgoblin zombies (Ossuary)
  A jackal zombie (Ossuary)
  48 kobolds
  12 kobold zombies (Ossuary)
  6 orc zombies (Ossuary)
  37 rats
  A rat zombie (Ossuary)
  A butterfly (Zot:3)
2708 creatures vanquished.

Vanquished Creatures (collateral kills)
  A phantom (D:4)
  A hound (D:6)
  A river rat (Sewer)
3 creatures vanquished.

Vanquished Creatures (others)
  A dread lich (Vaults:5)
  An electric golem (Zot:5)
  A rockslime (Slime:5)
  A frost giant (Vaults:5)
  A draconian stormcaller (Zot:3)
  A white draconian (Zot:1)
  A yaktaur captain (Vaults:4)
  A great orb of eyes (Slime:5)
  A dancing weapon (Elf:2)
  A merfolk aquamancer (Shoals:4)
  A vampire mage (Depths:3)
  A naga sharpshooter (Snake:1)
  A harpy (Shoals:4)
  A deep elf archer (Elf:2)
  A phantasmal warrior (Vaults:5)
  2 deep elf pyromancers
  A manticore (Shoals:1)
  A black mamba (Snake:1)
  2 yaktaurs
  A fire elemental (Elf:3)
  2 orc warriors (Orc:2)
  A black bear (shapeshifter) (Depths:1)
  An orc (D:11)
26 creatures vanquished.

Grand Total: 2737 creatures vanquished

Notes
Turn   | Place    | Note
-------+----------+-------------------------------------------
     0 | D:1      | Hi5aMiFi the Djinni Hedge Wizard began the quest for the
                  | Orb.
     0 | D:1      | Hi5aMiFi set off with the following spells memorised: Magic
                  | Dart, Slow, Blink, Call Imp, Mephitic Cloud.
     0 | D:1      | Reached XP level 1. HP: 15/15 MP: 0/0
   210 | D:1      | Reached XP level 2. HP: 22/22 MP: 0/0
   296 | D:1      | Found Gafiur's Book Boutique.
   418 | D:1      | Found a faded altar of an unknown god.
   438 | D:1      | Reached skill level 1 in Fighting
   699 | D:1      | Reached XP level 3. HP: 26/27 MP: 0/0
   699 | D:1      | Learned a level 1 spell: Shock
  1635 | D:2      | Reached XP level 4. HP: 26/32 MP: 0/0
  2183 | D:3      | Found a glowing drain.
  2257 | Sewer    | Entered a sewer
  2356 | Sewer    | Reached XP level 5. HP: 31/38 MP: 0/0
  2356 | Sewer    | Learned a level 2 spell: Lesser Beckoning
  2919 | Sewer    | Noticed a kobold brigand
  3024 | Sewer    | Killed a kobold brigand
  3025 | Sewer    | Reached XP level 6. HP: 35/46 MP: 0/0
  4957 | D:4      | Found a basalt altar of Yredelemnul.
  4960 | D:4      | Found a hazy altar of Hepliaklqana.
  5124 | D:4      | Found a glowing silver altar of Zin.
  5125 | D:4      | Found a white marble altar of Elyvilon.
  5126 | D:4      | Found a glowing golden altar of the Shining One.
  5324 | D:4      | Reached skill level 5 in Spellcasting
  5324 | D:4      | Reached skill level 5 in Conjurations
  5324 | D:4      | Reached skill level 5 in Hexes
  5324 | D:4      | Reached skill level 5 in Summonings
  5324 | D:4      | Reached skill level 5 in Necromancy
  5324 | D:4      | Reached skill level 5 in Translocations
  5324 | D:4      | Reached skill level 5 in Transmutations
  5324 | D:4      | Reached skill level 5 in Fire Magic
  5324 | D:4      | Reached skill level 5 in Ice Magic
  5324 | D:4      | Reached skill level 5 in Air Magic
  5324 | D:4      | Reached skill level 5 in Earth Magic
  5324 | D:4      | Reached skill level 5 in Poison Magic
  5324 | D:4      | Reached XP level 7. HP: 46/50 MP: 0/0
  5324 | D:4      | Learned a level 3 spell: Hailstorm
  5412 | D:4      | Reached skill level 1 in Shapeshifting
  5576 | D:4      | Found a staircase to the Ecumenical Temple.
  5585 | Temple   | Entered the Ecumenical Temple
  5601 | Temple   | Became a worshipper of Ru the Awakened
  5942 | D:4      | Found a runed translucent door.
  5943 | D:4      | Noticed Crazy Yiuf
  5976 | D:5      | Entered Level 5 of the Dungeon
  5991 | D:5      | Reached skill level 5 in Fighting
  6116 | D:5      | Noticed Grinder
  6536 | D:5      | Found an iron altar of Okawaru.
  6888 | D:5      | Noticed Eustachio
  6912 | D:5      | Reached XP level 8. HP: 53/59 MP: 0/0
  7227 | D:5      | Noticed Menkaure
  7446 | D:6      | Gained mutation: You cannot train Armour skill. [Ru
                  | sacrifice]
  7446 | D:6      | Reached * piety under Ru
  7681 | D:6      | Reached skill level 1 in Evocations
  8123 | D:7      | Found a hide-covered altar of Uskayaw.
  8262 | D:7      | Reached skill level 1 in Shields
  8591 | D:7      | Reached XP level 9. HP: 58/65 MP: 0/0
  8591 | D:7      | Learned a level 4 spell: Airstrike
  8833 | D:7      | Reached skill level 5 in Shields
  9737 | D:7      | Found Fifutz's Mail-Order Catalogue.
 10025 | D:8      | Reached XP level 10. HP: 37/70 MP: 0/0
 10117 | D:8      | Identified the +7 whip of World's End {flame, Dex+2}
 10293 | D:8      | Found a sand-covered staircase.
 10305 | Ossuary  | Entered an ossuary
 10348 | Ossuary  | Gained mutation: You cannot be stealthy. [Ru sacrifice]
 10348 | Ossuary  | Reached ** piety under Ru
 11580 | D:9      | Noticed a two-headed ogre
 11633 | D:9      | Killed a two-headed ogre
 12188 | D:9      | Noticed Erolcha
 12359 | D:9      | Found a bloodstained altar of Trog.
 12481 | D:9      | Found a burning altar of Makhleb.
 12490 | D:9      | Found a shadowy altar of Dithmenos.
 12639 | D:9      | Found a staircase to the Lair.
 12648 | Lair:1   | Entered Level 1 of the Lair of Beasts
 12648 | Lair:1   | Noticed a boulder beetle
 12657 | Lair:1   | Killed a boulder beetle
 12663 | Lair:1   | Reached XP level 11. HP: 52/75 MP: 0/0
 12663 | Lair:1   | Learned a level 5 spell: Yara's Violent Unravelling
 12691 | Lair:1   | Reached skill level 10 in Spellcasting
 12691 | Lair:1   | Reached skill level 10 in Conjurations
 12691 | Lair:1   | Reached skill level 10 in Hexes
 12691 | Lair:1   | Reached skill level 10 in Summonings
 12691 | Lair:1   | Reached skill level 10 in Necromancy
 12691 | Lair:1   | Reached skill level 10 in Translocations
 12691 | Lair:1   | Reached skill level 10 in Transmutations
 12691 | Lair:1   | Reached skill level 10 in Fire Magic
 12691 | Lair:1   | Reached skill level 10 in Ice Magic
 12691 | Lair:1   | Reached skill level 10 in Air Magic
 12691 | Lair:1   | Reached skill level 10 in Earth Magic
 12691 | Lair:1   | Reached skill level 10 in Poison Magic
 12713 | Lair:1   | Noticed a boulder beetle
 12732 | Lair:1   | Killed a boulder beetle
 12872 | Lair:1   | Found a snail-covered altar of Cheibriados.
 13454 | Lair:1   | Gained mutation: You are clumsy. (Dex -2) [Ru sacrifice]
 14252 | Lair:2   | Reached skill level 5 in Dodging
 14526 | Lair:2   | Noticed a skyshark
 14691 | Lair:2   | Found a frozen archway.
 14712 | Lair:2   | Reached XP level 12. HP: 28/88 MP: 0/0
 15061 | Lair:2   | Killed a skyshark
 15613 | Lair:2   | Found a staircase to the Shoals.
 16099 | Lair:2   | Found a staircase to the Snake Pit.
 16461 | Lair:3   | Gained mutation: Your cowardice makes you less effective in
                  | combat with threatening foes. [Ru sacrifice]
 16461 | Lair:3   | Reached *** piety under Ru
 16472 | Lair:3   | Found a large runed translucent door.
 16472 | Lair:3   | Found a large runed translucent door.
 16473 | Lair:3   | Noticed a skyshark
 16479 | Lair:3   | Killed a skyshark
 16602 | Lair:3   | Noticed Thrassey's ghost (journeyman DsAr)
 16646 | Lair:3   | Reached skill level 10 in Fighting
 16646 | Lair:3   | Reached skill level 10 in Dodging
 17423 | Lair:3   | Reached XP level 13. HP: 71/96 MP: 0/0
 17423 | Lair:3   | Learned a level 5 spell: Borgnjor's Vile Clutch
 18196 | Lair:3   | Reached skill level 5 in Evocations
 20036 | Lair:4   | Found an ornate altar of the Wu Jian Council.
 20037 | Lair:4   | Found a hide-covered altar of Uskayaw.
 20053 | Lair:4   | Gained mutation: You are hated by all. [Ru sacrifice]
 20053 | Lair:4   | Reached **** piety under Ru
 20053 | Lair:4   | Reached ***** piety under Ru
 20282 | Lair:5   | Entered Level 5 of the Lair of Beasts
 20282 | Lair:5   | Noticed an eight-headed hydra
 20407 | Lair:5   | Reached XP level 14. HP: 80/103 MP: 0/0
 20407 | Lair:5   | Noticed Josephine
 20614 | Lair:5   | Noticed Tasoil's ghost (journeyman TrSh)
 20616 | Lair:5   | Killed Josephine
 21094 | Lair:5   | Found a transporter.
 21094 | Lair:5   | Found a transporter.
 22278 | Lair:5   | Found a staircase to the Slime Pits.
 22518 | Lair:5   | Found a runed translucent door.
 23482 | Lair:5   | Reached XP level 15. HP: 91/107 MP: 0/0
 23482 | Lair:5   | Learned a level 6 spell: Summon Cactus Giant
 23561 | Lair:5   | Gained mutation: You are somewhat unskilled. (-1 Apt) [Ru
                  | sacrifice]
 23561 | Lair:5   | Reduced skill Shapeshifting to level 1
 23561 | Lair:5   | Reached ****** piety under Ru
 23951 | Lair:5   | Reached skill level 5 in Evocations
 24915 | Lair:5   | Reached skill level 10 in Fighting
 25031 | Lair:3   | Killed Thrassey's ghost
 25390 | D:9      | Noticed Psyche
 25392 | D:9      | Killed Psyche
 25749 | D:9      | Killed Erolcha
 26114 | D:5      | Killed Eustachio
 26326 | D:4      | Killed Crazy Yiuf
 26376 | D:5      | Killed Grinder
 26376 | D:5      | Killed Menkaure
 26695 | D:10     | Entered Level 10 of the Dungeon
 27779 | D:11     | Found a staircase to the Orcish Mines.
 27827 | D:11     | Found a gate leading to a gauntlet.
 27844 | Gauntlet | Entered a Gauntlet
 27844 | Gauntlet | Found a transporter.
 27844 | Gauntlet | Found a transporter.
 27846 | Gauntlet | Found a transporter.
 27846 | Gauntlet | Found a transporter.
 27868 | Gauntlet | Found a transporter.
 27879 | Gauntlet | Found a transporter.
 27882 | Gauntlet | Found a transporter.
 27898 | Gauntlet | Found a transporter.
 27905 | Gauntlet | Found a runed translucent gate.
 27906 | Gauntlet | Found a transporter.
 27906 | Gauntlet | Found a runed translucent gate.
 27907 | Gauntlet | Found a runed translucent gate.
 27920 | Gauntlet | Found a transporter.
 27924 | Gauntlet | Found a transporter.
 27935 | Gauntlet | Found a transporter.
 28083 | Gauntlet | Reached skill level 15 in Dodging
 28090 | Gauntlet | Identified the +0 pair of boots "Ublithao" {Will+ Int+6}
 28360 | D:11     | Reached skill level 1 in Throwing
 30051 | D:13     | Noticed Nessos
 30067 | D:13     | Killed Nessos
 30393 | D:13     | You are sucked into a shaft and drop 2 floors!
 30393 | D:15     | Entered Level 15 of the Dungeon
 30420 | D:14     | Reached XP level 16. HP: 82/115 MP: 0/0
 30719 | D:13     | Identified the +1 quarterstaff "Cedeor" {pain, Drain rElec
                  | Int-3 SInv}
 30973 | D:13     | Found a gate to the Vaults.
 31233 | D:13     | Found a transporter.
 31268 | D:13     | Found a transporter.
 31544 | D:14     | Identified the +9 sling "Impbane" {heavy, rPois rF+}
 31917 | D:14     | Found Vorch's Assorted Antiques.
 31922 | D:14     | Bought a murky green potion for 35 gold pieces
 32582 | D:14     | Found a white marble altar of Elyvilon.
 32784 | Orc:1    | Entered Level 1 of the Orcish Mines
 32797 | Orc:1    | Noticed Erica
 32804 | Orc:1    | Killed Erica
 32859 | Orc:1    | Found Gifotawkir's Assorted Antiques.
 32871 | Orc:1    | Found Imusm's Magic Scroll Shoppe.
 32871 | Orc:1    | Found Javyu's Antique Armour Shoppe.
 32871 | Orc:1    | Found Leoleruu's Weapon Shop.
 32875 | Orc:1    | Bought a scroll of blinking for 225 gold pieces
 32875 | Orc:1    | Bought a scroll labelled EMEOGUIXOPA for 30 gold pieces
 32892 | Orc:1    | Bought a scroll of identify for 36 gold pieces
 32892 | Orc:1    | Bought a scroll of identify for 36 gold pieces
 32922 | Orc:1    | Bought a scroll of blinking for 135 gold pieces
 32922 | Orc:1    | Bought a scroll of blinking for 135 gold pieces
 33003 | Orc:2    | Entered Level 2 of the Orcish Mines
 33054 | Orc:2    | Found a bloodstained altar of Trog.
 33302 | Orc:1    | Found Uculeon's Book Emporium.
 33378 | Orc:1    | Found a burning altar of Makhleb.
 33827 | Orc:2    | Found a staircase to the Elven Halls.
 34733 | Orc:2    | Found Baipt's Magic Scroll Boutique.
 34859 | Orc:2    | Found Gihecki's Distillery.
 34983 | Orc:2    | Bought a scroll of immolation for 48 gold pieces
 34983 | Orc:2    | Bought a scroll of identify for 24 gold pieces
 36332 | Orc:2    | Reached skill level 5 in Shapeshifting
 36912 | Orc:2    | Found Kegur Aceac's Antique Weapon Shoppe.
 36912 | Orc:2    | Found Nuvas's Jewellery Emporium.
 36912 | Orc:2    | Found a one-way gate leading to the halls of Pandemonium.
 36945 | Orc:2    | Bought a scroll of acquirement for 624 gold pieces
 36945 | Orc:2    | Acquired the amulet "Nompoqyph" {Rampage Regen+ Str+4}
 36962 | Orc:2    | Bought a scroll of fear for 48 gold pieces
 36964 | Orc:2    | Bought a potion of haste for 150 gold pieces
 36964 | Orc:2    | Bought a potion of heal wounds for 75 gold pieces
 36993 | Orc:2    | Bought a ring of willpower for 400 gold pieces
 37050 | Orc:1    | Bought a runed robe for 114 gold pieces
 37219 | Snake:1  | Entered Level 1 of the Snake Pit
 37403 | Snake:1  | Identified the +0 sling of the Stork {flame, Str-3 Dex+6}
 37568 | Snake:1  | Reached XP level 17. HP: 96/124 MP: 0/0
 37568 | Snake:1  | Learned a level 6 spell: Starburst
 38785 | Snake:1  | Found Tomopaepn's Tremendous Tomes.
 38803 | Snake:1  | Identified the +0 war axe "Meagg" {heavy, rC+ Will+ SInv}
 39754 | Snake:2  | Found Rirgheud's Distillery.
 39754 | Snake:2  | Found Saoll's Antique Armour Shop.
 39772 | Snake:2  | Bought a potion of enlightenment for 70 gold pieces
 39780 | Snake:2  | Bought a fabulously ornate robe for 250 gold pieces
 39780 | Snake:2  | Identified the +2 robe of the Hall of Blades {rPois Will-
                  | Str-4 Archmagi} (You bought it in a shop on level 2 of the
                  | Snake Pit)
 39893 | Snake:2  | Found Usibb's Antique Armour Shoppe.
 40748 | Snake:3  | Noticed Louise
 40758 | Snake:3  | Killed Louise
 40766 | Snake:3  | Reached XP level 18. HP: 87/132 MP: 0/0
 41305 | Snake:4  | Entered Level 4 of the Snake Pit
 41646 | Snake:4  | Found Dune Pah's Antique Armour Shoppe.
 41650 | Snake:4  | Bought a shiny helmet for 240 gold pieces
 42191 | Snake:4  | Got a serpentine rune of Zot
 42450 | Shoals:1 | Entered Level 1 of the Shoals
 42450 | Shoals:1 | Found a transporter.
 42450 | Shoals:1 | Found a transporter.
 42486 | Shoals:1 | Found Reaghyow's Armour Emporium.
 42580 | Shoals:1 | Found a transporter.
 42581 | Shoals:1 | Found a transporter.
 42629 | Shoals:1 | Found a transporter.
 42984 | Shoals:1 | Found a transporter.
 42991 | Shoals:1 | You are sucked into a shaft and drop 1 floor!
 43341 | Shoals:1 | Reached skill level 10 in Shields
 44316 | Shoals:2 | Found Ikirot's Distillery.
 44536 | Shoals:2 | Reached skill level 15 in Fighting
 44538 | Shoals:2 | Reached XP level 19. HP: 122/143 MP: 0/0
 44538 | Shoals:2 | Learned a level 6 spell: Eringya's Noxious Bog
 44632 | Shoals:1 | Bought the +3 crown of Dyrovepreva {rElec Int+2 SInv} for
                  | 579 gold pieces
 44632 | Shoals:1 | Found the +3 crown of Dyrovepreva {rElec Int+2 SInv}
 45471 | Shoals:3 | Noticed Mara
 45481 | Shoals:3 | Noticed Hi5aMiFi's illusion
 45481 | Shoals:3 | Killed Mara
 46047 | Shoals:4 | Entered Level 4 of the Shoals
 47051 | Shoals:4 | Identified the +6 mace of Ashenzari's Scorn {drain, rElec
                  | rC++ Will- Dex+4}
 47255 | Shoals:4 | Noticed Donald
 47258 | Shoals:4 | Killed Donald
 47509 | Shoals:4 | Got a barnacled rune of Zot
 47560 | Shoals:4 | Reached skill level 15 in Spellcasting
 47560 | Shoals:4 | Reached skill level 15 in Conjurations
 47560 | Shoals:4 | Reached skill level 15 in Hexes
 47560 | Shoals:4 | Reached skill level 15 in Necromancy
 47560 | Shoals:4 | Reached skill level 15 in Translocations
 47560 | Shoals:4 | Reached skill level 15 in Transmutations
 47560 | Shoals:4 | Reached skill level 15 in Fire Magic
 47560 | Shoals:4 | Reached skill level 15 in Ice Magic
 47560 | Shoals:4 | Reached skill level 15 in Air Magic
 47560 | Shoals:4 | Reached skill level 15 in Earth Magic
 47560 | Shoals:4 | Reached skill level 15 in Poison Magic
 47624 | Shoals:4 | Reached XP level 20. HP: 82/140 MP: 0/0
 48152 | Lair:5   | Killed Tasoil's ghost
 48187 | Lair:5   | Identified the staff of True Grit {rN+ Int+4 Necro}
 48504 | Vaults:1 | Entered Level 1 of the Vaults
 48679 | Vaults:1 | Found a flickering gateway to a bazaar.
 48696 | Bazaar   | Entered a bazaar
 48696 | Bazaar   | Found Tilycru's General Store.
 48696 | Bazaar   | Found Jypsoget's Magic Scroll Shoppe.
 48696 | Bazaar   | Found Naismipn's Weapon Shop.
 48696 | Bazaar   | Found Xompurod's Magic Scroll Shoppe.
 48698 | Bazaar   | Found Deluge's Jewellery Emporium.
 48729 | Bazaar   | Bought a scroll of revelation for 60 gold pieces
 48729 | Bazaar   | Bought a scroll of blinking for 60 gold pieces
 48729 | Bazaar   | Bought a scroll of enchant armour for 60 gold pieces
 48732 | Bazaar   | Bought 3 scrolls of revelation for 315 gold pieces
 48737 | Bazaar   | Bought a scroll of fog for 40 gold pieces
 49300 | Vaults:1 | Reached skill level 15 in Shields
 50141 | Vaults:1 | Found a portal to a secret trove of treasure.
 51087 | Vaults:2 | Reached XP level 21. HP: 120/148 MP: 0/0
 51087 | Vaults:2 | Learned a level 7 spell: Ozocubu's Refrigeration
 51533 | Snake:2  | Bought a distressingly furry leather armour for 259 gold
                  | pieces
 51533 | Snake:2  | Identified the +0 leather armour "Wifuell" {rF+} (You
                  | bought it in a shop on level 2 of the Snake Pit)
 52603 | Vaults:2 | Found a staircase to the Crypt.
 52643 | Vaults:2 | Noticed Zenata
 52653 | Vaults:2 | Killed Zenata
 53359 | Vaults:3 | Noticed Sojobo
 53407 | Vaults:3 | Killed Sojobo
 54253 | Vaults:3 | Found Suxiss's Antique Armour Boutique.
 54307 | Vaults:3 | Bought an embroidered hat for 154 gold pieces
 54307 | Vaults:3 | Bought a faintly humming leather armour for 154 gold pieces
 54307 | Vaults:3 | Identified the +3 leather armour of the Clam {Str+6} (You
                  | bought it in a shop on level 3 of the Vaults)
 54588 | Vaults:4 | Found a magical portal.
 54599 | WizLab   | Entered Zonguldrok's Shrine
 54992 | WizLab   | Noticed an antique lich
 54998 | WizLab   | Killed an antique lich
 54999 | WizLab   | Reached XP level 22. HP: 117/151 MP: 0/0
 55054 | WizLab   | Found the +9 sword of Zonguldrok {reap}
 55974 | Vaults:4 | Noticed Aizul
 55981 | Vaults:4 | Killed Aizul
 56304 | Vaults:4 | Noticed Boris
 56310 | Vaults:4 | Killed Boris
 57177 | Vaults:1 | You paid a toll of 4 scrolls of blinking to enter a
                  | treasure trove
 57178 | Trove    | Entered a treasure trove
 58146 | D:15     | Found Befylepu's General Store.
 58184 | D:15     | Bought a scroll of blinking for 105 gold pieces
 58381 | D:15     | Found a staircase to the Depths.
 58562 | D:15     | Identified the +2 leather armour of Starshine {rPois SInv}
 58801 | Elf:1    | Entered Level 1 of the Elven Halls
 59214 | Elf:1    | Noticed Agnes
 59221 | Elf:1    | Killed Agnes
 60470 | Elf:2    | Found a runed translucent gate.
 60470 | Elf:2    | Found a runed translucent gate.
 60480 | Elf:2    | Found a runed translucent gate.
 60533 | Elf:2    | Reached XP level 23. HP: 122/166 MP: 0/0
 60533 | Elf:2    | Learned a level 7 spell: Haunt
 61302 | Elf:3    | Entered Level 3 of the Elven Halls
 61336 | Elf:3    | Noticed Norris
 61361 | Elf:3    | Killed Norris
 62096 | Elf:3    | Noticed Roxanne
 62694 | Elf:3    | Identified the ring "Zuri" {rF- rC+ rCorr Str+3 Dex+6}
 62712 | Elf:3    | Identified the staff "Ryxkeloe" {Int+3 SInv Stlth+ Conj
                  | Earth}
 62728 | Elf:3    | Identified the +4 hand axe of Laohol {venom, Contam rPois
                  | Dex+2}
 62746 | Elf:3    | Identified the +1 pair of gloves "Neomo" {rPois Str+2}
 62921 | Elf:3    | Killed Roxanne
 63282 | Slime:1  | Entered Level 1 of the Pits of Slime
 63459 | Slime:3  | Reached XP level 24. HP: 129/179 MP: 0/0
 63541 | Slime:5  | Entered Level 5 of the Pits of Slime
 63594 | Slime:5  | Gained mutation: You are dopey. (Int -2) [a shining eye]
 63651 | Slime:5  | Gained mutation: You do not regenerate when monsters are
                  | visible. [a shining eye]
 63664 | Slime:5  | Lost mutation: You are dopey. (Int -2) [potion of mutation]
 63664 | Slime:5  | Lost mutation: You do not regenerate when monsters are
                  | visible. [potion of mutation]
 63664 | Slime:5  | Gained mutation: You have supernaturally acute eyesight.
                  | (SInv) [potion of mutation]
 63664 | Slime:5  | Gained mutation: You are occasionally teleported next to
                  | monsters. [potion of mutation]
 63665 | Slime:5  | Lost mutation: You are occasionally teleported next to
                  | monsters. [potion of mutation]
 63665 | Slime:5  | Lost mutation: You have supernaturally acute eyesight.
                  | (SInv) [potion of mutation]
 63665 | Slime:5  | Gained mutation: You have a pair of small antennae on your
                  | head. [potion of mutation]
 63665 | Slime:5  | Gained mutation: Your body sometimes deteriorates upon
                  | taking damage. [potion of mutation]
 63665 | Slime:5  | Gained mutation: You are resistant to electric shocks.
                  | (rElec) [potion of mutation]
 63910 | Slime:5  | Found the +8 storm bow {elec, penet}
 63995 | Slime:5  | Noticed the Royal Jelly
 64017 | Slime:5  | Killed the Royal Jelly
 64119 | Slime:5  | Identified the +6 scimitar "Foruxtor" {heavy, Drain rPois
                  | SInv}
 64260 | Slime:5  | Got a slimy rune of Zot
 64942 | Crypt:1  | Entered Level 1 of the Crypt
 65018 | Crypt:1  | Noticed Grunn
 65030 | Crypt:1  | Killed Grunn
 65214 | Crypt:1  | Noticed Boris
 65225 | Crypt:1  | Killed Boris
 65917 | Orc:2    | Bought a scroll of fog for 48 gold pieces
 66142 | Shoals:2 | Bought a potion of heal wounds for 50 gold pieces
 66142 | Shoals:2 | Bought a potion of heal wounds for 50 gold pieces
 66142 | Shoals:2 | Bought a potion of lignification for 30 gold pieces
 66281 | Snake:2  | Bought a potion of heal wounds for 70 gold pieces
 66281 | Snake:2  | Bought a potion of heal wounds for 70 gold pieces
 66487 | Orc:2    | Bought a potion of cancellation for 120 gold pieces
 66520 | Orc:1    | Bought a scroll of revelation for 135 gold pieces
 66994 | Crypt:2  | Identified the +4 sling "Alyosiuh" {flame, rPois}
 67171 | Crypt:2  | Reached XP level 25. HP: 156/180 MP: 0/0
 67171 | Crypt:2  | Learned a level 8 spell: Infestation
 67322 | Crypt:2  | Identified the +0 chain mail of the Alphagorgon {rCorr
                  | Str+4}
 67833 | Crypt:3  | Entered Level 3 of the Crypt
 68897 | Crypt:3  | Found the +8 demon blade "Leech" {evervamp, Harm Drain rN+}
 69439 | Crypt:3  | Found a staircase to the Tomb.
 69439 | Crypt:3  | Noticed Khufu
 69447 | Crypt:3  | Killed Khufu
 69483 | Crypt:3  | Identified the ring of Zimn {Contam rElec rN+ Int+2}
 69483 | Crypt:3  | Identified the amulet of Poehyt {Regen+ Dex+3}
 69483 | Crypt:3  | Identified the ring "Fouphon" {rN+ Str+4}
 69534 | Crypt:3  | Identified the amulet of Yqyh {Faith Will++ Stlth+}
 69871 | Depths:1 | Entered Level 1 of the Depths
 69900 | Depths:1 | Reached skill level 10 in Shapeshifting
 70183 | Depths:1 | Noticed a juggernaut
 70213 | Depths:1 | Killed a juggernaut
 70336 | Depths:1 | Found a one-way gateway to a ziggurat.
 70917 | Depths:1 | Reached XP level 26. HP: 165/194 MP: 0/0
 71158 | Depths:1 | Found a gateway to Hell.
 71247 | Depths:1 | Found a one-way gate to the infinite horrors of the Abyss.
 71331 | Depths:1 | Noticed a juggernaut
 71565 | Depths:1 | Killed a juggernaut
 72005 | Depths:2 | Noticed Saint Roka
 72054 | Depths:2 | Killed Saint Roka
 72277 | Depths:2 | Gained mutation: You expend health (3 HP) to strengthen
                  | your wands. [a cacodemon]
 73232 | Depths:3 | Noticed Margery
 73256 | Depths:3 | Killed Margery
 74425 | Depths:4 | Entered Level 4 of the Depths
 74804 | Depths:3 | Identified the +10 quarterstaff of the Pyrrhic Victory
                  | {freeze, rElec Int-5 Dex+3}
 74826 | Depths:4 | Reached XP level 27. HP: 187/205 MP: 0/0
 74826 | Depths:4 | Learned a level 9 spell: Shatter
 75005 | Depths:4 | Identified the +4 short sword of Lutibiwe {drain, rPois
                  | rN++ SInv Stlth-}
 75465 | Depths:4 | Found a gate to the Realm of Zot.
 76113 | Slime:2  | Gained mutation: You do not regenerate when monsters are
                  | visible. [a shining eye]
 76115 | Slime:2  | Lost mutation: Your body sometimes deteriorates upon taking
                  | damage. [potion of mutation]
 76115 | Slime:2  | Lost mutation: You have a pair of small antennae on your
                  | head. [potion of mutation]
 76115 | Slime:2  | Gained mutation: You have a somewhat thin skeletal
                  | structure. (Dex +2, Stealth+) [potion of mutation]
 76115 | Slime:2  | Gained mutation: Your spells are a little harder to cast,
                  | but a little more powerful. [potion of mutation]
 76116 | Slime:2  | Lost mutation: You are resistant to electric shocks.
                  | (rElec) [potion of mutation]
 76116 | Slime:2  | Lost mutation: You have a somewhat thin skeletal structure.
                  | (Dex +2, Stealth+) [potion of mutation]
 76116 | Slime:2  | Lost mutation: You expend health (3 HP) to strengthen your
                  | wands. [potion of mutation]
 76116 | Slime:2  | Gained mutation: You have a pair of small horns on your
                  | head. [potion of mutation]
 76116 | Slime:2  | Gained mutation: Your mind is acute. (Int +4, Str/Dex -1)
                  | [potion of mutation]
 76116 | Slime:2  | Lost mutation: You have a pair of small horns on your head.
                  | [potion of mutation]
 76116 | Slime:2  | Gained mutation: You have a pair of small horns on your
                  | head. [potion of mutation]
 76117 | Slime:2  | Lost mutation: You have a pair of small horns on your head.
                  | [potion of mutation]
 76117 | Slime:2  | Lost mutation: You do not regenerate when monsters are
                  | visible. [potion of mutation]
 76117 | Slime:2  | Lost mutation: Your mind is acute. (Int +4, Str/Dex -1)
                  | [potion of mutation]
 76117 | Slime:2  | Gained mutation: You have hidden genetic defects. [potion
                  | of mutation]
 76118 | Slime:2  | Lost mutation: Your spells are a little harder to cast, but
                  | a little more powerful. [potion of mutation]
 76118 | Slime:2  | Lost mutation: You have hidden genetic defects. [potion of
                  | mutation]
 76118 | Slime:2  | Gained mutation: You occasionally shout uncontrollably at
                  | your foes. [potion of mutation]
 76118 | Slime:2  | Gained mutation: You have hidden genetic defects. [potion
                  | of mutation]
 76118 | Slime:2  | Gained mutation: Potions are less effective at restoring
                  | your health. [potion of mutation]
 76118 | Slime:2  | Gained mutation: You passively dampen the noise of your
                  | surroundings. [potion of mutation]
 76119 | Slime:2  | Lost mutation: You occasionally shout uncontrollably at
                  | your foes. [potion of mutation]
 76119 | Slime:2  | Lost mutation: You passively dampen the noise of your
                  | surroundings. [potion of mutation]
 76119 | Slime:2  | Lost mutation: Potions are less effective at restoring your
                  | health. [potion of mutation]
 76119 | Slime:2  | Gained mutation: Your spells are a little harder to cast,
                  | but a little more powerful. [potion of mutation]
 76120 | Slime:2  | Lost mutation: Your spells are a little harder to cast, but
                  | a little more powerful. [potion of mutation]
 76120 | Slime:2  | Lost mutation: You have hidden genetic defects. [potion of
                  | mutation]
 76120 | Slime:2  | Gained mutation: You have a somewhat thin skeletal
                  | structure. (Dex +2, Stealth+) [potion of mutation]
 76120 | Slime:2  | Gained mutation: You have a pair of small horns on your
                  | head. [potion of mutation]
 76120 | Slime:2  | Gained mutation: You are weak. (Str -2) [potion of
                  | mutation]
 77157 | D:7      | Bought the +7 lajatang of Order {silver, rMut} for 939 gold
                  | pieces
 77157 | D:7      | Found the +7 lajatang of Order {silver, rMut}
 78830 | Shoals:2 | Bought a potion of curing for 30 gold pieces
 78830 | Shoals:2 | Bought a potion of curing for 30 gold pieces
 78830 | Shoals:2 | Bought a potion of curing for 30 gold pieces
 78978 | Snake:2  | Bought a potion of curing for 42 gold pieces
 78978 | Snake:2  | Bought a potion of curing for 42 gold pieces
 79184 | Orc:2    | Bought 2 potions of curing for 90 gold pieces
 79184 | Orc:2    | Bought a potion of curing for 45 gold pieces
 79184 | Orc:2    | Bought a potion of lignification for 45 gold pieces
 79186 | Orc:2    | Bought a scroll of vulnerability for 48 gold pieces
 79553 | Vaults:5 | Entered Level 5 of the Vaults
 79711 | Vaults:5 | Identified the +4 shortbow of Compassion {antimagic, rElec}
 79754 | Vaults:5 | Noticed a dread lich
 79771 | Vaults:5 | Killed a dread lich
 79983 | Vaults:5 | Identified the ring of Ditunecs {+Blink rElec EV+5}
 80136 | Vaults:5 | Noticed an ancient lich
 80155 | Vaults:5 | Killed an ancient lich
 80311 | Vaults:5 | Noticed a dread lich
 80328 | Vaults:5 | Killed a dread lich
 80422 | Vaults:5 | Got a silver rune of Zot
 80449 | Vaults:5 | Identified the +4 plate armour of Eskiwkas {Will- Int+2
                  | Dex+6}
 80546 | Vaults:5 | Identified the +2 demon blade of Mamaihu {vamp, Str+8 Int-2
                  | SInv Stlth+}
 80854 | Vaults:5 | Identified the +3 long sword of the Grey Skies {flame,
                  | Int+4}
 80973 | Vaults:5 | Noticed an ancient lich
 80973 | Vaults:5 | Identified the +9 halberd of Buaschos {spect, Str+2}
 80977 | Vaults:5 | Identified the ring of Qushuok {rN+ AC+4 Int+4}
 81434 | Vaults:5 | Killed an ancient lich
 81567 | Vaults:5 | Noticed an ancient lich
 81579 | Vaults:5 | Killed an ancient lich
 82767 | D:14     | Bought 2 potions of lignification for 234 gold pieces
 82767 | D:14     | Bought a potion of curing for 117 gold pieces
 82767 | D:14     | Bought a scroll of fear for 156 gold pieces
 82848 | Zot:1    | Entered Level 1 of the Realm of Zot
 83778 | Zot:1    | Noticed an orb of fire
 83789 | Zot:1    | Killed an orb of fire
 84044 | Zot:1    | Noticed an orb of fire
 84063 | Zot:1    | Killed an orb of fire
 84393 | Zot:1    | Noticed an orb of fire
 84420 | Zot:1    | Killed an orb of fire
 84859 | Zot:2    | Noticed Vv
 84881 | Zot:2    | Killed Vv
 86227 | Zot:3    | Noticed a Killer Klown
 86227 | Zot:3    | Noticed a Killer Klown
 86227 | Zot:3    | a Killer Klown changed into a rockslime
 86238 | Zot:3    | Killed a Killer Klown
 86587 | Zot:3    | Identified the +10 flail of Quick Death {spect, Dex+7}
 86833 | Zot:3    | Found a shimmering altar of Xom.
 86833 | Zot:3    | Noticed a Killer Klown
 86833 | Zot:3    | Noticed a Killer Klown
 86941 | Zot:3    | a Killer Klown changed into a titan
 86961 | Zot:3    | Found a shimmering altar of Xom.
 86962 | Zot:3    | Found a shimmering altar of Xom.
 86962 | Zot:3    | Found a glowing silver altar of Zin.
 86962 | Zot:3    | Found a shimmering altar of Xom.
 87002 | Zot:3    | Noticed a Killer Klown
 87023 | Zot:3    | Killed a Killer Klown
 87052 | Zot:3    | Found a shimmering altar of Xom.
 87066 | Zot:3    | Found a shimmering altar of Xom.
 87067 | Zot:3    | Found a shimmering altar of Xom.
 87102 | Zot:3    | Noticed a Killer Klown
 87110 | Zot:3    | Killed a Killer Klown
 87124 | Zot:3    | Killed a Killer Klown
 87775 | Zot:4    | Identified the ring "Soham" {rCorr Int+4}
 89161 | D:14     | Bought a potion of lignification for 117 gold pieces
 89386 | Zot:5    | Entered Level 5 of the Realm of Zot
 89505 | Zot:5    | Found a runed translucent door.
 89516 | Zot:5    | Noticed arvidsem's ghost (legendary MiFi)
 90047 | Zot:5    | Noticed a Killer Klown
 90053 | Zot:5    | Killed a Killer Klown
 90069 | Zot:5    | Noticed an ancient lich
 90082 | Zot:5    | Killed an ancient lich
 90197 | Zot:5    | Noticed a Killer Klown
 90201 | Zot:5    | Killed a Killer Klown
 90236 | Zot:5    | Noticed a Killer Klown
 90239 | Zot:5    | a Killer Klown changed into a caustic shrike
 90587 | Zot:5    | Noticed a Killer Klown
 90594 | Zot:5    | Killed a Killer Klown
 90782 | Zot:5    | Noticed a Killer Klown
 90788 | Zot:5    | Killed a Killer Klown
 91002 | Zot:5    | Noticed an ancient lich
 91013 | Zot:5    | Killed an ancient lich
 91013 | Zot:5    | Noticed an orb of fire
 91019 | Zot:5    | Killed an orb of fire
 91202 | Zot:5    | Noticed a dread lich
 91210 | Zot:5    | Killed a dread lich
 91442 | Zot:5    | Noticed an orb of fire
 91445 | Zot:5    | Killed an orb of fire
 91457 | Zot:5    | Noticed an orb of fire
 91464 | Zot:5    | Noticed an orb of fire
 91468 | Zot:5    | Gained mutation: You are dopey. (Int -2) [an orb of fire]
 91469 | Zot:5    | Killed an orb of fire
 91735 | Zot:5    | Gained mutation: You occasionally lose the ability to drink
                  | potions when taking damage. [an orb of fire]
 91736 | Zot:5    | Killed an orb of fire
 91738 | Zot:5    | Lost mutation: You have a pair of small horns on your head.
                  | [potion of mutation]
 91738 | Zot:5    | Lost mutation: You occasionally lose the ability to drink
                  | potions when taking damage. [potion of mutation]
 91738 | Zot:5    | Lost mutation: You are dopey. (Int -2) [potion of mutation]
 91738 | Zot:5    | Gained mutation: You do not regenerate when monsters are
                  | visible. [potion of mutation]
 91738 | Zot:5    | Gained mutation: You have very sharp teeth. [potion of
                  | mutation]
 92866 | Zot:5    | Lost mutation: You are weak. (Str -2) [potion of mutation]
 92866 | Zot:5    | Lost mutation: You have very sharp teeth. [potion of
                  | mutation]
 92866 | Zot:5    | Gained mutation: You passively map a small area around you.
                  | [potion of mutation]
 92866 | Zot:5    | Gained mutation: You have sharp fingernails. [potion of
                  | mutation]
 92867 | Zot:5    | Lost mutation: You passively map a small area around you.
                  | [potion of mutation]
 92867 | Zot:5    | Lost mutation: You do not regenerate when monsters are
                  | visible. [potion of mutation]
 92867 | Zot:5    | Lost mutation: You have a somewhat thin skeletal structure.
                  | (Dex +2, Stealth+) [potion of mutation]
 92867 | Zot:5    | Gained mutation: You occasionally shout uncontrollably at
                  | your foes. [potion of mutation]
 92867 | Zot:5    | Gained mutation: A frigid envelope surrounds you and
                  | freezes all who hurt you. [potion of mutation]
 92879 | Zot:5    | Got the Orb of Zot
 93263 | D:3      | Noticed Hyxubiti the pandemonium lord
 93306 | D:$      | Escaped with the Orb!

Illustrated notes

Levels and vault maps discovered:
D:1:      orjb1_lava_funnel, layout_rooms, shapermc_ecumenical_altar_gd,
          serial_shops, nicolae_shop_behind_doors, minmay_rat_gold_closets
D:2:      layout_basic
D:3:      minmay_chambers_of_threes, layout_basic, gup_sewer_entry_bubbles
D:4:      layout_basic, good_gods_temple_1, nicolae_overflow_squiral,
          minmay_temple_entry_enclosed_plants, grunt_decor_mini_mirrors,
          uniq_crazy_yiuf_cottage
D:5:      layout_layer_cave, mainiacjoe_overflow_alcove_4, okawaru_gym_becter,
          minmay_misc_feat_room, uniq_eustachio, uniq_menkaure, uniq_grinder
D:6:      layout_basic
D:7:      layout_rooms, nicolae_overflow_crystal_walls, serial_bayou_pond_a,
          monkooky_shop_mail_order
D:8:      layout_loops_cross, enter_ossuary_5
D:9:      layout_roguey, trog_ov_bears_minmay, amethyst_overflow_temple_binary,
          david_lair_shrubbed, minmay_misc_feat_rows, corexii_corridor_pit,
          kb_rosetta, uniq_erolcha, uniq_psyche
D:10:     layout_irregular_city, kennysheep_donut, st_stairs_14
D:11:     layout_rooms, david_orc_5, gauntlet_entry_generic,
          kiku_gazebo_pond_becter
D:12:     layout_loops_corners, tgw_fedhas
D:13:     layout_basic, hangedman_vaults_entry_quadrant_bands,
          nicolae_diode_stairs, uniq_nessos
D:14:     layout_rooms, nicolae_elyvilon_temple_path, serial_shops,
          nicolae_shop_dealshenge, hangedman_corner_corridor
D:15:     hangedman_depths_entry_civil_slaughter, layout_loops_cross,
          chequers_jeans, serial_shops, nicolae_shop_tiny_statue_garden,
          nicolae_houndstooth_variations
Temple:   grunt_temple_mini_profane
Lair:1:   layout_misc_corridors, special_room [special_room_bee], basic_altar,
          st_stairs_10, serial_bayou_shore_b
Lair:2:   layout_chaotic_city, elwin_shoals_entry_stream,
          guppyfry_snake_entry_garden, basic_altar, portal_ice_cave_rime,
          cheibrodos_lair_reptile_den
Lair:3:   layout_roguey, ebering_ghost_disaster_area, serial_bayou_pond_b,
          serial_bayou_shore_a, grunt_megastairs_4, serial_bayou_shore_b
Lair:4:   layout_gridlike, nzn_masters_of_martial_movement, grunt_megastairs_3,
          serial_bayou_shore_b
Lair:5:   hangedman_lair_caniforms_friends, layout_cave_shapes, wormcave,
          slime_entry_1, gammafunk_ghost_hive, lemuel_fruit_tree, uniq_josephine
Shoals:1: layout_shoals, serial_shops, shop_coins, serial_nicolae_subway,
          nicolae_sub_station_stone, nicolae_sub_station_metal,
          nicolae_sub_station_crystal
Shoals:2: layout_shoals, serial_shops, shop, kb_tengu_band
Shoals:3: layout_shoals, uniq_mara
Shoals:4: shoals_end_hellmonk_lost_city, uniq_donald
Snake:1:  layout_honeycomb, nicolae_shop_i_like_big_books,
          nicolae_snake_coiling_death
Snake:2:  layout_concentric_octagons, serial_shops, nicolae_shop_trees,
          nicolae_snake_gridmaze_waves, minmay_shoptagon
Snake:3:  layout_concentric_octagons, uniq_louise
Snake:4:  johnstein_snake_rune_scales, layout_rooms, serial_shops, shop
Slime:1:  layout_caves
Slime:2:  cheibrodos_slime_lost_civilization_8, layout_caves
Slime:3:  layout_caves
Slime:4:  layout_caves, basic_altar
Slime:5:  slime_pit_nicolae_jellycorners
Orc:1:    layout_caves, serial_shops, shop, nicolae_shop_hallway_stairs, shop,
          shop, shop, bloody_makhleb, uniq_erica
Orc:2:    pf_orc_diabolical, layout_diamond_mine, basic_altar
Elf:1:    elf_arrival_001, layout_loops_corners, minmay_elf_necromancy,
          corexii_checkpoint_b, dreamdust_mushroom_princess, uniq_agnes
Elf:2:    nicolae_elf_blades_splatter_lattice [nicolae_blade_entry_pointy_end],
          layout_rooms, dk_noncrumbling_3, kilobyte_rumbling_trees
Elf:3:    minmay_elf_hall_circle, layout_loops_cross, nrook_uturn, uniq_roxanne,
          uniq_norris
Vaults:1: nicolae_vaults_back_hallway, nicolae_vaults_security_offices_6,
          nicolae_vaults_angled_halls, nicolae_vaults_storage_closets_3,
          vaults_room_door_hall, ontoclasm_vaults_bender, vaults_room_grid,
          v_rooms_2, vaults_dpeg_diagonal, nicolae_vaults_doubleplus_tesselated,
          vaults_mumra_minichess_inversion, vaults_room_semicircle,
          layout_vaults_omnibox, enter_trove_3, serial_shops, bzr_entry_islet
Vaults:2: nicolae_vaults_angled_halls, nicolae_vaults_tetromino_L_2,
          nicolae_vaults_closet_pinwheel_4, nicolae_vaults_quartermaster,
          v_misc_23, grunt_vaults_hallway_short, nicolae_vaults_angled_halls,
          nicolae_vaults_alarming, grunt_vaults_funnel,
          nicolae_vaults_network_periphery, nicolae_vaults_closet_pinwheel_3,
          minmay_crypt_entry_simple_walls, v_misc_22, v_misc_1,
          ontoclasm_vaults_idyll, vaults_room_pool, vaults_room_semicircle,
          layout_vaults_maze_bifur, uniq_zenata
Vaults:3: vaults_mumra_lcd, nicolae_vaults_turnstiles,
          vaults_room_mumra_shop_pool, nicolae_vaults_lightning_bolt,
          nicolae_vaults_diamond_2, nicolae_vaults_two_Ls,
          vaults_room_door_hall, nicolae_vaults_little_guard_posts,
          layout_vaults_omnigrid, uniq_sojobo
Vaults:4: infiniplex_enter_wizlab_spiral, hangedman_vaults_stagger,
          nicolae_vaults_what_the_h, nicolae_vaults_security_offices_5,
          nicolae_vaults_house_1, v_misc_33, nicolae_vaults_network_star,
          ontoclasm_vaults_chip, v_misc_32, ontoclasm_vaults_decontamination,
          layout_vaults_chaotic_city, uniq_aizul, uniq_boris
Vaults:5
Crypt:1:  layout_rooms, serial_glass, glass_columns_a, glass_columns_a,
          uniq_grunn
Crypt:2:  dreamdust_cat_pyramid, layout_rooms, roderic_lattice_octagonal_star
Crypt:3:  grunt_crypt_end_deaths_head
Depths:1: nzn_winding_woodlands_stair_cross [nzn_winding_woodlands_5x15_cabin,
          nzn_winding_woodlands_center_garden,
          nzn_winding_woodlands_5x15_parted, nzn_winding_woodlands_5x5_default,
          nzn_winding_woodlands_5x5_closed_star,
          nzn_winding_woodlands_5x15_river_crossing,
          nzn_winding_woodlands_center_diamonds,
          nzn_winding_woodlands_5x15_sawtooth], layout_gridlike,
          enter_ziggurat_b, abyss_entry_crystal, hell_entry, minivault_11,
          kennysheep_two_boxes
Depths:2: hangedman_cross_stitches, layout_basic, rand_demon_pan_entry_1,
          abyss_entry, hell_entry, nicolae_figureground_pulse,
          minmay_misc_feat_tiny, uniq_saint_roka
Depths:3: minmay_concentric_multi, layout_gridville, grunt_metal_band,
          abyss_entry_small_statue_room, firewood_loft
Depths:4: grunt_crosshair, layout_small_grid, hell_entry,
          hangedman_decor_points, pan_entry, drop_trap
Zot:1:    lemuel_firehouse, layout_cathedral_of_symmetry
Zot:2:    layout_onion_interference, uniq_vv, uniq_josephina
Zot:3:    dreamdust_zin_vs_xom, layout_concentric_octagons
Zot:4:    layout_basic, hangedman_elemental_corridor
Zot:5:    layout_cathedral_of_symmetry, hellmonk_ghost_happy_afterlife

Skill      XL: |  1  2  3  4  5  6  7  8  9 10 11 12 13 14 15 16 17 18 19 20 21 22 23 24 25 26 27 |
---------------+----------------------------------------------------------------------------------+-----
Spellcasting   | 3 4 5 7 9 10 11 13 12 13 14 15 16 17 18 19 20 25 | 25.0
Conjurations   | 3 4 5 7 9 10 11 13 12 13 14 15 16 17 18 19 20 25 | 25.0
Hexes          | 3 4 5 7 9 10 11 13 12 13 14 15 16 17 18 19 20 25 | 25.0
Summonings     | 3 4 5 7 9 10 0 |  0.0
Necromancy     | 3 4 5 7 9 10 11 13 12 13 14 15 16 17 18 19 20 25 | 25.0
Translocations | 3 4 5 7 9 10 11 13 12 13 14 15 16 17 18 19 20 25 | 25.0
Transmutations | 3 4 5 7 9 10 11 13 12 13 14 15 16 17 18 19 20 25 | 25.0
Fire Magic     | 3 4 5 7 9 10 11 13 12 13 14 15 16 17 18 19 20 25 | 25.0
Ice Magic      | 3 4 5 7 9 10 11 13 12 13 14 15 16 17 18 19 20 25 | 25.0
Air Magic      | 3 4 5 7 9 10 11 13 12 13 14 15 16 17 18 19 20 25 | 25.0
Earth Magic    | 3 4 5 7 9 10 11 13 12 13 14 15 16 17 18 19 20 25 | 25.0
Poison Magic   | 3 4 5 7 9 10 11 13 12 13 14 15 16 17 18 19 20 25 | 25.0
Fighting       | 1 2 3 5 8 10 10 13 14 15 17 20 21 | 21.4
Shapeshifting  | 2 2 5 10 11 | 11.2
Evocations     | 3 4 5 5 6 |  6.6
Shields        | 3 6 7 7 8 10 13 16 17 18 19 | 19.6
Stealth        | 0 |  0.0
Dodging        | 6 10 12 14 15 16 | 16.9
Throwing       | 2 |  2.0

Action                     |  1- 3 |  4- 6 |  7- 9 | 10-12 | 13-15 | 16-18 | 19-21 | 22-24 | 25-27 || total
---------------------------+-------+-------+-------+-------+-------+-------+-------+-------+-------++-------
  Melee: Dagger            |    13 |     4 |     5 |       |       |       |       |       |       ||    22
         Whip              |       |       |       |     6 |    69 |    21 |       |       |       ||    96
         Staff             |       |       |       |       |       |     2 |     4 |       |       ||     6
         War axe           |       |       |       |       |       |       |     1 |       |       ||     1
  Throw: Stone             |       |     2 |     1 |       |       |       |       |       |       ||     3
         Dart              |       |       |       |     9 |     1 |     3 |     1 |     2 |     1 ||    17
         Throwing net      |       |       |       |       |       |       |       |       |     5 ||     5
   Cast: Magic Dart        |    93 |   196 |    39 |       |       |       |       |       |       ||   328
         Shock             |     7 |    40 |   174 |   179 |    40 |     6 |     1 |     1 |     4 ||   452
         Call Imp          |     1 |     4 |     7 |     3 |       |       |       |       |       ||    15
         Blink             |     1 |       |     2 |     4 |     5 |     3 |     2 |     2 |     2 ||    21
         Slow              |       |    12 |    51 |    39 |     4 |    11 |       |       |       ||   117
         Mephitic Cloud    |       |     4 |    11 |    43 |    12 |     2 |     1 |       |     3 ||    76
         Hailstorm         |       |       |    31 |    32 |     8 |    12 |       |       |     7 ||    90
         Airstrike         |       |       |    11 |   181 |   423 |   770 |   734 |   563 |   771 ||  3453
         Yara's Violent Un |       |       |       |     3 |     3 |       |       |       |     7 ||    13
         Borgnjor's Vile C |       |       |       |       |   202 |   343 |   143 |   197 |   546 ||  1431
         Starburst         |       |       |       |       |       |    23 |   234 |   296 |   394 ||   947
         Eringya's Noxious |       |       |       |       |       |       |     1 |     7 |     3 ||    11
         Ozocubu's Refrige |       |       |       |       |       |       |     2 |    63 |   764 ||   829
         Shatter           |       |       |       |       |       |       |       |       |    64 ||    64
 Invoke: Sacrifice Durabil |       |       |     1 |       |       |       |       |       |       ||     1
         Sacrifice Stealth |       |       |       |     1 |       |       |       |       |       ||     1
         Sacrifice Purity  |       |       |       |     1 |       |       |       |       |       ||     1
         Sacrifice Courage |       |       |       |     1 |       |       |       |       |       ||     1
         Apocalypse        |       |       |       |       |     9 |     7 |     7 |     9 |    13 ||    45
         Draw Out Power    |       |       |       |       |     4 |       |     2 |     2 |     1 ||     9
         Sacrifice Love    |       |       |       |       |     1 |       |       |       |       ||     1
         Power Leap        |       |       |       |       |     1 |     3 |       |       |     5 ||     9
         Sacrifice Skill   |       |       |       |       |     1 |       |       |       |       ||     1
  Evoke: Wand              |       |       |       |    10 |     9 |     4 |     1 |     1 |    18 ||    43
         Lightning rod     |       |       |       |       |       |     7 |       |     2 |       ||     9
         Condenser vane    |       |       |       |       |       |       |       |     1 |       ||     1
    Use: Scroll            |     2 |     2 |     7 |    10 |    13 |    12 |     7 |    10 |    28 ||    91
         Potion            |       |       |       |     4 |     5 |     5 |     6 |    14 |    45 ||    79
   Stab: Confused          |       |     1 |       |       |       |       |       |       |       ||     1
         Distracted        |       |       |     1 |       |       |       |       |       |       ||     1
 Armour: Robe              |     4 |    13 |    20 |    35 |    32 |    10 |     2 |       |    15 ||   131
         Troll leather arm |       |       |       |       |    55 |   131 |   133 |   115 |   208 ||   642
         Skin              |       |       |       |       |       |       |       |    13 |    21 ||    34
  Dodge: Dodged            |    11 |    27 |    12 |    47 |    96 |   181 |    97 |    69 |   179 ||   719
  Block: Buckler           |       |       |       |    16 |    41 |    63 |    37 |       |       ||   157
         Kite shield       |       |       |       |       |       |       |    86 |   169 |   216 ||   471
         Reflection        |       |       |       |       |       |       |    51 |    41 |    23 ||   115

Table legend: (Time is in decaauts)
 A = Elapsed time spent in this place.
 B = Non-inter-level travel time spent in this place.
 C = Inter-level travel time spent in this place.
 D = Time resting spent in this place.
 E = Time spent auto-exploring this place.
 F = Levels seen in this place.
 G = Mean time per level.
                   A        B        C        D        E       F      G
               +--------+--------+--------+--------+--------+-----+--------+
         Total |  93330 |  80461 |  12869 |  23660 |   6460 |  62 | 1505.3 |
       Dungeon |  22074 |  17642 |   4432 |   4274 |   1011 |  15 | 1471.6 |
        Temple |     30 |     30 |      0 |      0 |      0 |   1 |   30.0 |
          Lair |  14423 |  12351 |   2072 |   6695 |    349 |   5 | 2884.6 |
        Shoals |   5554 |   5073 |    481 |   1030 |    968 |   4 | 1388.5 |
     Snake Pit |   5036 |   4337 |    699 |    579 |    651 |   4 | 1259.0 |
    Slime Pits |   3401 |   3126 |    275 |    499 |    788 |   5 |  680.2 |
  Orcish Mines |   4679 |   4134 |    545 |   1693 |     58 |   2 | 2339.5 |
   Elven Halls |   4226 |   3935 |    291 |    705 |    831 |   3 | 1408.7 |
        Vaults |  11575 |   9003 |   2572 |   1770 |    808 |   5 | 2315.0 |
         Crypt |   3685 |   3437 |    248 |   1034 |    252 |   3 | 1228.3 |
        Depths |   6079 |   5594 |    485 |   1258 |    329 |   4 | 1519.8 |
           Zot |   9480 |   8714 |    766 |   3138 |    415 |   5 | 1896.0 |
        Bazaar |     68 |     68 |      0 |      0 |      0 |   1 |   68.0 |
         Trove |     71 |     71 |      0 |      0 |      0 |   1 |   71.0 |
         Sewer |   1203 |   1203 |      0 |    464 |      0 |   1 | 1203.0 |
       Ossuary |    735 |    735 |      0 |    311 |      0 |   1 |  735.0 |
        Wizlab |    590 |    590 |      0 |    108 |      0 |   1 |  590.0 |
      Gauntlet |    411 |    411 |      0 |    101 |      0 |   1 |  411.0 |
               +--------+--------+--------+--------+--------+-----+--------+

Top non-repeatable levels by time:
  Lair:5: 4441 daAuts
   Orc:2: 3630 daAuts
   Zot:5: 2944 daAuts
Vaults:1: 2870 daAuts
  Lair:3: 2683 daAuts
  Lair:2: 2564 daAuts
Vaults:5: 2543 daAuts
  Lair:1: 2423 daAuts
     D:9: 2407 daAuts
Vaults:2: 2351 daAuts
  Lair:4: 2309 daAuts
    D:13: 2284 daAuts
Vaults:4: 2094 daAuts
   Zot:1: 2079 daAuts
     D:7: 1932 daAuts
